 Dungeon Crawl Stone Soup version 0.28.0-43-g3370ac3207 (webtiles) character file.

Game seed: 6262006688107090519

106 fknight the Chopper (level 4, 0/41 HPs)
             Began as a Hill Orc Monk on Mar 1, 2022.
             Slain by a gnoll
             ... wielding a +0 spear
              (5 damage)
             ... on level 3 of the Dungeon.
             The game lasted 00:05:55 (2812 turns).

fknight the Chopper (Hill Orc Monk)                 Turns: 2812, Time: 00:05:56

Health: 0/41       AC:  3    Str: 15    XL:     4   Next: 84%
Magic:  4/4        EV: 12    Int: 10    God:
Gold:   57         SH:  5    Dex: 13    Spells: 3/3 levels left

rFire   . . .      SeeInvis .   a - +0 hand axe
rCold   . . .      Faith    .   n - +2 buckler
rNeg    . . .      Spirit   .   o - +0 leather armour
rPois   .          Reflect  .   (no helmet)
rElec   .          Harm     .   (no cloak)
rCorr   .          Rampage  .   (no gloves)
Will    .....                   (no boots)
Stlth   ++........              (no amulet)
HPRegen 0.13/turn               (no ring)
MPRegen 0.09/turn               (no ring)

@: no status effects
A: no striking features
a: no special abilities


You were on level 3 of the Dungeon.
You visited 1 branch of the dungeon, and saw 3 of its levels.

You collected 57 gold pieces.

Inventory:

Hand Weapons
 a - a +0 hand axe (weapon)
 g - a +0 spear
 k - a +1 vampiric whip
Missiles
 c - 52 arrows
 f - 160 stones (quivered)
Armour
 b - a +0 robe
 n - a +2 buckler (worn)
 o - a +0 leather armour (worn)
Magical Staves
 p - a staff of air
Scrolls
 i - a scroll of torment
Potions
 l - a potion of degeneration
 m - a potion of brilliance


   Skills:
 + Level 4.4 Fighting
 + Level 4.9 Axes
 + Level 3.0 Dodging
 + Level 2.5 Stealth


You had 3 spell levels left.
You didn't know any spells.
Your spell library was empty.

Dungeon Overview and Level Annotations

Branches:
Dungeon (3/15)

Altars:
Qazlal
Ru


Message History

The hobgoblin shouts!
A gnoll comes into view. It is wielding a +0 flail.
A gnoll comes into view. It is wielding a +0 flail.
The hobgoblin hits you.
You hit the hobgoblin.
The hobgoblin is moderately wounded.
The hobgoblin hits you.
A kobold comes into view. It is wielding a +0 club.
You barely miss the hobgoblin.
The hobgoblin is moderately wounded.
The hobgoblin barely misses you.
You hit the hobgoblin.
The hobgoblin is severely wounded.
The hobgoblin hits you. The hobgoblin barely misses you.
You hit the hobgoblin.
You kill the hobgoblin!
A gnoll comes into view. It is wielding a +0 spear.
The gnoll misses you.
The gnoll shouts!
You hit the gnoll.
The gnoll is heavily wounded.
You hit the gnoll.
You hear a shout! x3
The gnoll hits you with a +0 flail! The gnoll hits you with a +0 flail.
You hit the gnoll but do no damage.
The gnoll is heavily wounded.
You hit the gnoll but do no damage. The gnoll completely misses you.
The gnoll hits you with a +0 flail.
An orc comes into view. It is wielding a +0 dagger.
You hit the gnoll.
The gnoll is severely wounded.
The gnoll hits you with a +0 flail!
* * * LOW HITPOINT WARNING * * *
Okay, then.
You closely miss the gnoll.
The gnoll is severely wounded.
You hit the gnoll but do no damage. The gnoll barely misses you.
The gnoll closely misses you.
The gnoll hits you from afar with a +0 spear.
You die...

#..#.# ....#
#...#####
#...#...#
#...#.#.#
#...#.#.#
#...#.#.##.#.#
.
#...@gg..o....
...
##..#g#.##.#.#
.....##..#.#.#
.........#.#.#
########.#.#.#
#.#.#.#
#.#.#.#
#.#.#.#
############
#.#


You could see 3 gnolls and an orc.

Vanquished Creatures
  A hound (D:2)
  3 adders (D:2)
  An adder skeleton (D:2)
  2 worms (D:2)
  2 dart slugs (D:1)
  7 ball pythons
  3 bats
  4 endoplasms
  A giant cockroach (D:2)
  A goblin (D:2)
  2 hobgoblins
  3 quokkas
  A frilled lizard (D:2)
  4 kobolds
  6 rats
41 creatures vanquished.

Notes
Turn   | Place    | Note
-------+----------+-------------------------------------------
     0 | D:1      | fknight the Hill Orc Monk began the quest for the Orb.
     0 | D:1      | Reached XP level 1. HP: 19/19 MP: 1/1
   197 | D:1      | Reached XP level 2. HP: 25/27 MP: 2/2
   621 | D:1      | Found a faded altar of an unknown god.
  1334 | D:2      | Reached XP level 3. HP: 28/33 MP: 3/3
  2088 | D:2      | Reached XP level 4. HP: 40/40 MP: 4/4
  2466 | D:2      | Found a sacrificial altar of Ru.
  2765 | D:3      | Found a stormy altar of Qazlal.
  2766 | D:3      | Found a sacrificial altar of Ru.
  2812 | D:3      | Slain by a gnoll

Illustrated notes

Levels and vault maps discovered:
D:1:      erik_arrival_triangle_medium, layout_basic, basic_ecumenical_altar
D:2:      layout_basic, basic_altar
D:3:      cheibrodos_old_hovel, layout_basic, mainiacjoe_overflow_divided_tiny,
          uniq_sigmund

Skill      XL: |  1  2  3  4 |
---------------+-------------+-----
Fighting       | 4 |  4.4
Stealth        | 2 |  2.5
Dodging        | 3 |  3.0
Axes           | |  4.9

Action                   |  1- 3 |  4- 6 || total
-------------------------+-------+-------++-------
Melee: Hand axe          |   119 |    40 ||   159
       Punch             |     1 |       ||     1
Throw: Stone             |    21 |     7 ||    28
  Use: Potion            |     3 |       ||     3
       Scroll            |       |     5 ||     5
 Stab: Sleeping          |     4 |       ||     4
Armor: Robe              |     8 |       ||     8
       Leather armour    |     6 |     7 ||    13
Dodge: Dodged            |    56 |    23 ||    79
Block: Buckler           |    11 |     7 ||    18
